 Dungeon Crawl Stone Soup version 0.20-a0-16-g0876c8e (webtiles) character file.

16195 Akett the Zephyrmancer (level 11, -10/85 HPs)
             Began as a Demigod Air Elementalist on Nov 4, 2016.
             Killed by the air
             ... invoked by Gastronok
              (30 damage)
             ... on level 2 of the Lair of Beasts.
             The game lasted 01:12:22 (17537 turns).

Akett the Zephyrmancer (Demigod Air Elementalist)  Turns: 17537, Time: 01:12:23

Health: -10/85     AC: 17    Str: 16    XL:     11   Next: 77%
Magic:  26/33      EV: 13    Int: 23    God:
Gold:   45         SH:  0    Dex: 19    Spells: 6 memorised, 7 levels left

rFire  . . .     SeeInvis .     a - +0 hand axe (flame)
rCold  + + .     Gourm    .     N - +2 scale mail of Ostrye {Str+3 Dex+3}
rNeg   . . .     Faith    .     (no shield)
rPois  +         Spirit   .     g - +0 helmet
rElec  .         Reflect  .     z - +2 cloak
rCorr  .         Harm     .     M - +0 pair of gloves
MR     +....                    K - +0 pair of boots of the Dolphin {rC++ Slay+2}
Stlth  +.........               k - amulet of magic regeneration
                                D - ring of magical power
                                O - ring of poison resistance

@: repel missiles
A: high mp 1, MP-powered wands
a: no special abilities


You were on level 2 of the Lair of Beasts.
You were not hungry.

You visited 3 branches of the dungeon, and saw 13 of its levels.
You also visited: Labyrinth.

You collected 607 gold pieces.
You spent 562 gold pieces at shops.

Inventory:

Hand Weapons
 a - a +0 hand axe of flaming (weapon)
 b - a +0 dagger of venom
Missiles
 H - 4 curare-tipped needles
Armour
 g - a +0 helmet (worn)
 h - a +1 ring mail of fire resistance
 s - the +1 robe of Cyvvusatui {+Inv rPois MR+}
   (You found it on level 4 of the Dungeon)

   It protects you from poison.
   It affects your resistance to hostile enchantments.
   It lets you turn invisible.
 z - a +2 cloak (worn)
 K - the +0 pair of boots of the Dolphin (worn) {rC++ Slay+2}
   (You acquired it on level 8 of the Dungeon)

   It affects your accuracy and damage with ranged weapons and melee attacks
   (+2).
   It greatly protects you from cold.
 M - a +0 pair of gloves (worn)
 N - the +2 scale mail of Ostrye (worn) {Str+3 Dex+3}
   (You bought it in a shop on level 8 of the Dungeon)

   It affects your strength (+3).
   It affects your dexterity (+3).
 P - a +0 buckler of reflection
Rods
 f - a +5 lightning rod (14/14)
   (You took it off a minotaur in a labyrinth)
Jewellery
 k - an amulet of magic regeneration (around neck)
 n - an uncursed amulet of harm
 p - an uncursed ring of ice
 t - an uncursed ring of see invisible
 B - a +2 amulet of reflection
 D - a ring of magical power (right hand)
 I - an uncursed ring of resist corrosion
 O - a ring of poison resistance (left hand)
Wands
 m - a wand of heal wounds (4/9)
 o - a wand of digging (11/24)
 q - a wand of paralysis (6/24)
 u - a wand of acid (3/15)
 v - a wand of iceblast (8/15)
 x - a wand of paralysis (7/24)
Scrolls
 d - 10 scrolls of remove curse
 e - a scroll of recharging
 i - a scroll of fog
 j - 5 scrolls of teleportation
 A - a scroll of blinking
Potions
 w - 2 potions of curing
 C - a potion of agility
 J - a potion of brilliance
Books
 y - a book of Frost

   Spells                             Type                      Level
   a - Freeze                         Ice                          1
   b - Throw Frost                    Conjuration/Ice              2
   c - Ozocubu's Armour               Charms/Ice                   3
   d - Throw Icicle                   Conjuration/Ice              4
   e - Summon Ice Beast               Ice/Summoning                4
Comestibles
 c - 8 bread rations
 l - 5 meat rations
 r - 14 fruits
 R - 6 slices of pizza


   Skills:
 + Level 4.7 Fighting
 * Level 2.7 Axes
 * Level 7.3 Armour
 + Level 6.0 Dodging
 - Level 1.7 Stealth
 * Level 2.5 Shields
 + Level 6.2 Spellcasting
 * Level 7.0 Conjurations
 + Level 6.3 Charms
 * Level 9.0 Air Magic


You had 7 spell levels left.
You knew the following spells:

 Your Spells              Type           Power        Failure   Level  Hunger
a - Shock                 Conj/Air       ####         1%          1    None
b - Repel Missiles        Chrm/Air       #####.       1%          2    None
c - Swiftness             Chrm/Air       #####...     1%          2    None
d - Static Discharge      Conj/Air       #####...     2%          3    #......
e - Lightning Bolt        Conj/Air       #####.....   28%         5    #####..
f - Throw Frost           Conj/Ice       ###...       12%         2    None


Dungeon Overview and Level Annotations

Branches:
Dungeon (10/15)            Temple (1/1) D:6            Lair (2/6) D:9
  Swamp: Lair:2-4    Shoals: Lair:2-4     Snake: Lair:2-4    Spider: Lair:2-4
    Orc: D:9-12

Shops:
D:7 ?   D:8 %*[

Annotations:
D:10 Papayamessiah's ghost, journeyman DrBe
Lair:2 Gastronok


Innate Abilities, Weirdness & Mutations

You have an increased reservoir of magic. (+10% MP)
You expend magic power (3 MP) to strengthen your wands.


Message History

Gastronok is lightly wounded.
The lightning arcs!
You are struck by lightning.
The lightning grounds out.
Gastronok bites you!
Casting: Static Discharge
Confirm with . or Enter, or press ? or * to list all spells.
Gastronok is struck by lightning.
Gastronok is moderately wounded.
The lightning arcs!
You are struck by lightning.
The lightning arcs!
Gastronok is struck by lightning.
Gastronok is moderately wounded.
The lightning arcs!
You are struck by lightning.
* * * LOW HITPOINT WARNING * * *
The lightning grounds out.
Gastronok waves his eye-stalks in wide circles.
The air twists around and strikes you!
* * * LOW HITPOINT WARNING * * *
Gastronok sloshes about.
Gastronok waves his eye-stalks in wide circles.
The air twists around and strikes you!
You die...

...#.#####.# ##..#.##..#.#.#...
......##.#.####...#............
<.†..........#.P....P###......#
.#†..##.##..........## #.....#
##...#####..P#......# .#....
##P.# #.P###.....# ......
##P..## #.###.#.#.## #.#.#
#P....# ..####.....# # ...#
##P..####...###.@..##.#
###..................#
#....................#
#...#..##..##........#
........##P#P?.w........
###..#### ####.......P#.# ####
#........# # #.......##
.###.#.##


You could see Gastronok.

Vanquished Creatures
  A minotaur (Lab)
  Fannar (Lair:1)
  2 hydras
  Erica (D:8)
  Pikel (D:8)
  An oklob plant (Lair:2)
  A black mamba (Lair:2)
  3 spiny frogs
  A komodo dragon (Lair:2)
  A polar bear (D:10)
  Grinder (D:5)
  2 dream sheep (D:10)
  2 hippogriffs (Lair:1)
  A wraith (D:8)
  A wyvern (Lair:2)
  13 yaks
  A basilisk (D:9)
  A hungry ghost (D:7)
  A warg (D:9)
  7 water moccasins
  4 porcupines
  2 orc warriors
  4 ice beasts
  4 sky beasts
  A hornet zombie (D:7)
  6 ogres
  2 black bears
  2 centaurs
  4 phantoms
  6 wolves
  5 crocodiles
  3 big kobolds (D:10)
  7 bullfrogs
  A wyvern skeleton (D:10)
  3 scorpions
  4 howler monkeys
  The ghost of JeffiDaFish the Shield-Bearer, a weakling GrFi (D:3)
  2 crimson imps
  A bullfrog skeleton (D:5)
  Crazy Yiuf (D:7)
  A bullfrog zombie (D:8)
  5 hounds
  7 orc priests
  A jelly (D:8)
  11 iguanas
  Ijyb (D:3)
  3 orc wizards
  7 worker ants
  A centaur simulacrum (D:10)
  2 hound skeletons (D:8)
  A worker ant zombie (D:5)
  12 adders
  4 gnolls (D:3)
  3 river rats (D:9)
  3 shadow imps
  2 white imps (D:10)
  An ufetubus (D:9)
  An adder skeleton (D:8)
  6 worms
  3 dart slugs
  12 leopard geckos
  31 orcs
  3 ball pythons
  7 bats
  11 giant cockroaches
  10 goblins
  10 hobgoblins
  9 jackals
  6 kobolds
  4 quokkas
  8 frilled lizards
  A jackal skeleton (D:8)
  A leopard gecko zombie (D:7)
  A quokka zombie (D:6)
  8 rats
  A fungus (Lair:2)
  A plant (Lair:2)
305 creatures vanquished.

Vanquished Creatures (others)
  An iguana (D:8)
  A jackal skeleton (D:8)
  3 bushes
  7 fungi
  13 plants
25 creatures vanquished.

Grand Total: 330 creatures vanquished

Notes
Turn   | Place    | Note
-------+----------+-------------------------------------------
     0 | D:1      | Akett the Demigod Air Elementalist began the quest for the Orb.
     0 | D:1      | Reached XP level 1. HP: 14/14 MP: 5/5
    15 | D:1      | Reached skill level 1 in Conjurations
   350 | D:1      | Reached XP level 2. HP: 20/20 MP: 1/7
   793 | D:1      | Learned a level 2 spell: Repel Missiles
   796 | D:1      | Learned a level 2 spell: Swiftness
  1007 | D:1      | Reached skill level 3 in Air Magic
  1036 | D:1      | Reached XP level 3. HP: 21/26 MP: 2/9
  1791 | D:2      | Found a hazy altar of Hepliaklqana.
  2342 | D:2      | Reached skill level 1 in Charms
  2342 | D:2      | Reached XP level 4. HP: 33/33 MP: 4/10
  2399 | D:2      | Noticed a phantom
  2418 | D:2      | Killed a phantom
  2418 | D:2      | Reached XP level 5. HP: 29/38 MP: 6/12
  2512 | D:3      | Reached skill level 1 in Armour
  2518 | D:3      | Gained mutation: You expend magic power (3 MP) to strengthen your wands. [potion of mutation]
  2518 | D:3      | Gained mutation: You are clumsy. (Dex -2) [potion of mutation]
  2518 | D:3      | Gained mutation: You are very clumsy. (Dex -4) [potion of mutation]
  3173 | D:3      | Found a blossoming altar of Fedhas.
  3276 | D:3      | Noticed JeffiDaFish's ghost (weakling GrFi)
  3317 | D:3      | Killed JeffiDaFish's ghost
  3429 | D:3      | Noticed Ijyb
  3439 | D:3      | Killed Ijyb
  3901 | D:3      | Reached XP level 6. HP: 44/45 MP: 5/13
  3910 | D:3      | Learned a level 3 spell: Static Discharge
  4073 | D:4      | Reached skill level 4 in Air Magic
  4331 | D:4      | Lost mutation: You are very clumsy. (Dex -4) [potion of cure mutation]
  4331 | D:4      | Lost mutation: You are clumsy. (Dex -2) [potion of cure mutation]
  4624 | D:4      | Got a bloodstained robe
  4638 | D:4      | Identified the +1 robe of Cyvvusatui {+Inv rPois MR+} (You found it on level 4 of the Dungeon)
  4681 | D:4      | Reached XP level 7. HP: 45/50 MP: 0/15
  5671 | D:5      | Entered Level 5 of the Dungeon
  6171 | D:5      | Noticed Grinder
  6191 | D:5      | Killed Grinder
  6191 | D:5      | Reached skill level 5 in Air Magic
  6325 | D:5      | Learned a level 5 spell: Lightning Bolt
  6483 | D:5      | Reached XP level 8. HP: 56/57 MP: 5/17
  6957 | D:6      | Found a staircase to the Ecumenical Temple.
  6969 | Temple   | Entered the Ecumenical Temple
  7746 | D:6      | Found an iron altar of Okawaru.
  8109 | D:6      | Found a glowing silver altar of Zin.
  8562 | D:7      | Reached skill level 6 in Air Magic
  8730 | D:7      | Reached skill level 1 in Fighting
  9317 | D:7      | Reached XP level 9. HP: 64/64 MP: 19/19
  9736 | D:7      | Found a radiant altar of Vehumet.
  9736 | D:7      | Found a sparkling altar of Nemelex Xobeh.
  9737 | D:7      | Found a shadowy altar of Dithmenos.
  9771 | D:7      | Found Korud's Magic Scroll Emporium.
  9789 | D:7      | Bought a scroll of identify for 20 gold pieces
  9789 | D:7      | Bought a scroll of identify for 20 gold pieces
  9789 | D:7      | Bought a scroll of identify for 20 gold pieces
  9789 | D:7      | Bought a scroll of identify for 20 gold pieces
  9789 | D:7      | Bought a scroll of identify for 20 gold pieces
  9860 | D:7      | Found a runed door.
  9864 | D:7      | Noticed Crazy Yiuf
  9866 | D:7      | Killed Crazy Yiuf
 10190 | D:8      | Found a stormy altar of Qazlal.
 10190 | D:8      | Found a faded altar of an unknown god.
 10197 | D:8      | Found a faded altar of an unknown god.
 10199 | D:8      | Found a faded altar of an unknown god.
 10200 | D:8      | Found a faded altar of an unknown god.
 10514 | D:8      | Reached skill level 7 in Air Magic
 10919 | D:8      | Found Ecoetaz's Assorted Antiques.
 10968 | D:8      | Noticed Pikel
 10981 | D:8      | Found Syapp's Food Emporium.
 10997 | D:8      | Killed Pikel
 10997 | D:8      | Reached skill level 5 in Armour
 10997 | D:8      | Reached skill level 5 in Spellcasting
 10997 | D:8      | Reached skill level 5 in Charms
 11018 | D:8      | Bought a notched sapphire ring for 135 gold pieces
 11018 | D:8      | Bought 2 smoky inky potions for 48 gold pieces
 11018 | D:8      | Bought a scroll labeled FYNEMNOUNNAX for 27 gold pieces
 11023 | D:8      | Got a pair of faintly humming boots
 11024 | D:8      | Identified the +0 pair of boots of the Dolphin {rC++ Slay+2} (You acquired it on level 8 of the Dungeon)
 11323 | D:8      | Noticed Erica
 11332 | D:8      | Killed Erica
 11332 | D:8      | Reached skill level 5 in Conjurations
 11332 | D:8      | Reached XP level 10. HP: 36/77 MP: 9/21
 11526 | D:8      | Found Hysinoupn's Antique Armour Emporium.
 11529 | D:8      | Bought a faintly humming scale mail for 198 gold pieces
 11529 | D:8      | Identified the +2 scale mail of Ostrye {Str+3 Dex+3} (You bought it in a shop on level 8 of the Dungeon)
 11995 | D:9      | Found a basalt altar of Yredelemnul.
 12145 | D:9      | Reached skill level 5 in Dodging
 12741 | D:9      | Found a staircase to the Lair.
 13132 | D:10     | Entered Level 10 of the Dungeon
 13148 | D:9      | Reached skill level 8 in Air Magic
 13877 | D:10     | Noticed a two-headed hydra
 13881 | D:10     | Killed a one-headed hydra
 13888 | D:10     | Reached XP level 11. HP: 75/84 MP: 23/23
 13990 | D:10     | Noticed Papayamessiah's ghost (journeyman DrBe)
 14179 | Lair:1   | Entered Level 1 of the Lair of Beasts
 14276 | Lair:1   | Found a labyrinth entrance.
 14299 | Lab      | Entered a labyrinth
 14527 | Lab      | Noticed a minotaur
 14529 | Lab      | Killed a minotaur
 14529 | Lab      | Reached skill level 1 in Axes
 14534 | Lab      | Identified the Guide on the Frostbite
 14668 | D:8      | Bought a scroll of identify for 54 gold pieces
 14769 | Lair:1   | Learned a level 2 spell: Throw Frost
 14940 | Lair:1   | Reached skill level 1 in Shields
 15339 | Lair:1   | Noticed Fannar
 15359 | Lair:1   | Killed Fannar
 17194 | Lair:2   | Noticed a six-headed hydra
 17214 | Lair:2   | Killed a five-headed hydra
 17282 | Lair:2   | Noticed an eight-headed hydra
 17505 | Lair:2   | Reached skill level 9 in Air Magic
 17527 | Lair:2   | Noticed Gastronok
 17537 | Lair:2   | Killed from afar by Gastronok

Vault maps used:
D:1:      lightli_arrival_statuegarden
D:2:      minmay_wonky_spiral, nicolae_overflow_hidden_temple
D:3:      fedhas_altar_3, uniq_iyjb
D:4:      first_bread, grunt_decor_cap, roderic_lattice_a
D:5:      uniq_grinder
D:6:      old_standard_altar, kennysheep_mini
D:7:      gammafunk_temple_overflow_claw, serial_shops, shop,
          minmay_tree_intersection, uniq_crazy_yiuf_cottage
D:8:      chequers_temple_overflow_minitemple, serial_shops, nicolae_shop_trees,
          nicolae_shop_overgrown_old_shop, shop, uniq_pikel, uniq_erica
D:9:      kennysheep_little_box, minmay_lair_entry_grove
D:10:     david_orc_3, serial_ice, serial_ice_g, serial_ice_i, serial_ice_d,
          serial_ice_n, serial_ice_h, serial_ice_f, serial_ice_m, serial_ice_a,
          serial_ice_o, serial_ice_b, hangedman_ranch,
          kennysheep_generic_room_14
Temple:   hc_temple_tempest_star
Lair:1:   lab_entry_generic, serial_forest, infiniplex_forest_join,
          infiniplex_forest_straight_4, infiniplex_forest_diagonal,
          infiniplex_forest_end_1, infiniplex_forest_clump_small,
          infiniplex_forest_end_3, infiniplex_forest_straight_1, uniq_fannar
Lair:2:   minmay_lair_oklob_bushes, infiniplex_staircase_pool, uniq_gastronok
Lab:      labyrinth_watery

Skill      XL: |  1  2  3  4  5  6  7  8  9 10 11 |
---------------+----------------------------------+-----
Conjurations   | 1 2 3 4 5 6 7 |  7.0
Spellcasting   | 2 3 4 5 6 |  6.2
Air Magic      | 3 4 5 6 7 8 9 |  9.0
Charms         | 1 2 3 4 5 6 |  6.3
Dodging        | 2 3 4 5 6 |  6.0
Armour         | 1 2 3 4 5 6 7 |  7.3
Fighting       | 1 3 4 |  4.7
Axes           | 2 |  2.7
Shields        | 2 |  2.5
Stealth        | |  1.7

Action                   |  1- 3 |  4- 6 |  7- 9 | 10-12 || total
-------------------------+-------+-------+-------+-------++-------
Melee: Unarmed           |     4 |       |       |       ||     4
       Spear             |    53 |   145 |   196 |     4 ||   398
       Dagger            |       |       |    69 |   109 ||   178
       Hand axe          |       |       |       |    64 ||    64
 Cast: Shock             |    84 |    85 |   187 |    80 ||   436
       Repel Missiles    |     1 |     3 |     1 |     1 ||     6
       Static Discharge  |       |     4 |    72 |   108 ||   184
       Lightning Bolt    |       |       |     7 |     6 ||    13
       Throw Frost       |       |       |       |    29 ||    29
Evoke: Wand              |       |       |     2 |    12 ||    14
  Use: Scroll            |     7 |     2 |    14 |     7 ||    30
       Potion            |       |    10 |     7 |     4 ||    21
 Stab: Sleeping          |     4 |       |     6 |       ||    10
       Paralysed         |       |       |     5 |     3 ||     8
  Eat: Chunk             |     4 |     9 |    22 |    16 ||    51
       Pizza             |       |       |     1 |     1 ||     2
       Beef jerky        |       |       |     1 |     4 ||     5
       Royal jelly       |       |       |     1 |       ||     1
       Fruit             |       |       |     1 |       ||     1
Armor: Robe              |    16 |     1 |    64 |       ||    81
       Skin              |       |    23 |    24 |       ||    47
       Ring mail         |       |    27 |       |       ||    27
       Scale mail        |       |       |       |   155 ||   155
Dodge: Dodged            |    43 |    92 |   239 |   236 ||   610
       Deflected         |       |     3 |     2 |     5 ||    10
Block: Other             |       |       |    18 |    22 ||    40
       Reflection        |       |       |     1 |       ||     1
